 Dungeon Crawl Stone Soup version 0.25.1-2-g60ff931df9 (webtiles) character file.

Game seed: 7518037216285992066

1901 pokeman the Thaumaturge (level 8, -3/44 HPs)
             Began as a Deep Elf Wizard on Oct 10, 2020.
             Was a Follower of Vehumet.
             Killed from afar by Maggie (26 damage)
             ... with a bolt of fire
             ... on level 7 of the Dungeon.
             The game lasted 00:19:28 (7078 turns).

pokeman the Thaumaturge (Deep Elf Wizard)           Turns: 7078, Time: 00:19:31

Health: -3/44      AC:  1    Str:  4    XL:     8   Next: 94%
Magic:  15/23      EV: 16    Int: 26    God:    Vehumet [*.....]
Gold:   361        SH:  0    Dex: 13    Spells: 11/26 levels left

rFire    . . .     SeeInvis +   r - +0 spear (venom)
rCold    . . .     Gourm    .   (no shield)
rNeg     . . .     Faith    .   C - +1 leather armour of Nyon {SInv} (curse)
rPois    .         Spirit   .   b - +0 hat
rElec    .         Reflect  .   (no cloak)
rCorr    .         Harm     .   c - +0 pair of gloves
MR       .....                  (no boots)
Stlth    ++........             k - amulet of magic regeneration
HPRegen  0.14/turn              a - -4 ring of protection (curse)
MPRegen  0.43/turn              t - +4 ring of evasion

@: very slightly contaminated
A: no striking features
a: Renounce Religion


You were on level 7 of the Dungeon.
You worshipped Vehumet.
Vehumet was aware of your devotion.
You were not hungry.

You visited 1 branch of the dungeon, and saw 7 of its levels.

You collected 361 gold pieces.

Inventory:

Hand Weapons
 r - a +0 spear of venom (weapon)
Missiles
 g - 54 bolts
Armour
 b - a +0 hat (worn)
 c - a +0 pair of gloves (worn)
 C - the cursed +1 leather armour of Nyon (worn) {SInv}
   (You took it off an orc wizard on level 5 of the Dungeon)

   It lets you see invisible.
   It has a curse placed upon it.
Jewellery
 a - a cursed -4 ring of protection (left hand)
 k - an amulet of magic regeneration (around neck)
 t - a +4 ring of evasion (right hand)
Scrolls
 e - 5 scrolls of teleportation {unknown}
 f - 2 scrolls of amnesia {unknown}
 h - 2 scrolls of fear {unknown}
 j - 2 scrolls of blinking {unknown}
 m - 4 scrolls of enchant armour {unknown}
 p - a scroll of fog {unknown}
 q - a scroll of magic mapping {unknown}
 u - 4 scrolls of identify {unknown}
 y - a scroll of enchant weapon {unknown}
Potions
 i - 3 potions of flight {unknown}
 l - 2 potions of ambrosia {unknown}
 n - a potion of mutation {unknown}
 o - a potion of experience {unknown}
 s - a potion of cancellation {unknown}
 v - a potion of brilliance {unknown}
 w - 3 potions of curing {unknown}
 x - a potion of degeneration {unknown}
 z - a potion of resistance {unknown}
 A - a potion of might {unknown}
 B - a potion of heal wounds {unknown}
Comestibles
 d - 13 rations


   Skills:
 - Level 2.1 Fighting
 - Level 0.2 Polearms
 + Level 2.3 Armour
 - Level 3.0 Dodging
 - Level 3.3 Stealth
 * Level 9.9 Spellcasting
 * Level 7.2 Conjurations
 - Level 1.0 Charms
 - Level 1.1 Summonings
 - Level 1.1 Translocations
 + Level 3.9 Fire Magic
 - Level 1.0 Air Magic
 - Level 1.0 Poison Magic


You had 11 spell levels left.
You knew the following spells:

 Your Spells              Type           Power        Failure   Level  Hunger
a - Magic Dart            Conj           ####         1%          1    None
b - Mephitic Cloud        Conj/Pois/Air  ####....     7%          3    None
c - Call Imp              Summ           ###.....     8%          2    None
d - Blink                 Tloc           N/A          8%          2    None
e - Conjure Flame         Conj/Fire      #####...     2%          3    None
f - Foxfire               Conj/Fire      ####         1%          1    None
g - Shock                 Conj/Air       ####         1%          1    None
h - Swiftness             Chrm/Air       ###.....     8%          2    None

Your spell library contained the following spells:

 Spells                   Type           Power        Failure   Level  Hunger
 Static Discharge         Conj/Air       ####....     4%          3    None
 Animate Skeleton         Necr           N/A          9%          1    None
 Slow                     Hex            ##......     12%         2    None
 Lightning Bolt           Conj/Air       ####......   38%         5    ####...
 Airstrike                Air            ###.......   45%         4    None


Dungeon Overview and Level Annotations

Branches:
Dungeon (7/15)             Temple (0/1) D:6

Altars:
Ashenzari
Dithmenos
Fedhas
Gozag
Hepliaklqana
Kikubaaqudgha
Makhleb
Nemelex Xobeh
Sif Muna
Trog
Vehumet
Yredelemnul
The Shining One

Shops:
D:4 :

Annotations:
D:7 Maggie


Message History

Casting: Call Imp (safe; 8% risk of failure)
Confirm with . or Enter, or press ? or * to list all spells.
You blink.
Maggie is engulfed in blazing flames.
Maggie gestures wildly while chanting.
Maggie attempts to bespell you! You resist with almost no effort.
Maggie is engulfed in blazing flames.
Maggie casts a spell.
Maggie attempts to bespell you! You resist with almost no effort.
Your crimson imp hits Maggie but does no damage.
Maggie is engulfed in blazing flames.
Maggie shouts, "Leave me alone!"
Maggie hits your crimson imp with a +2 broad axe of draining!
Your crimson imp dies!
Maggie is engulfed in blazing flames.
Maggie gestures at you while chanting. The bolt of fire hits your iron imp.
Your iron imp completely resists.
The bolt of fire hits you!!
Ouch! That really hurt!
You die...

.# ### #..##.. #
#..... ####### ###
#...#######)....####..
#..##(.5@)......<...
#..@(..######.).....
#....### ###.....
##(.## ###### #..##
##..## #### ##..#
##..## ##.### ##....#
##..## ##.....##
##..###...##..#


You could see Maggie and a friendly iron imp (summoned).

Vanquished Creatures
  A hippogriff (D:5)
  A hungry ghost (D:7)
  A water moccasin (D:7)
  An ice beast (D:5)
  A sky beast (D:7)
  A phantom (D:6)
  5 ogres
  A big kobold (D:7)
  A howler monkey (D:4)
  A crimson imp (D:5)
  3 hounds
  An orc priest (D:3)
  A bullfrog skeleton (D:5)
  2 jellies
  An iguana (D:4)
  3 orc wizards
  6 worker ants
  A worker ant zombie (D:5)
  7 adders
  2 shadow imps (D:7)
  2 adder skeletons
  3 worms
  A dart slug (D:5)
  5 leopard geckos
  13 orcs
  9 goblins
  13 hobgoblins
  A ball python (D:2)
  5 bats
  9 frilled lizards
  14 kobolds
  A leopard gecko skeleton (D:5)
  2 rats (D:1)
119 creatures vanquished.

Vanquished Creatures (others)
  A human (D:4)
  19 foxfires
20 creatures vanquished.

Grand Total: 139 creatures vanquished

Notes
Turn   | Place    | Note
-------+----------+-------------------------------------------
     0 | D:1      | pokeman the Deep Elf Wizard began the quest for the Orb.
     0 | D:1      | Reached XP level 1. HP: 10/10 MP: 7/7
   437 | D:1      | Reached XP level 2. HP: 15/15 MP: 7/9
   823 | D:2      | Reached skill level 5 in Spellcasting
  1008 | D:2      | Found a shattered altar of Ashenzari.
  1369 | D:2      | Found a shadowy altar of Dithmenos.
  1396 | D:2      | Reached XP level 3. HP: 19/19 MP: 1/11
  1413 | D:2      | Learned a level 3 spell: Mephitic Cloud
  1416 | D:2      | Learned a level 2 spell: Call Imp
  1419 | D:2      | Learned a level 2 spell: Blink
  1423 | D:2      | Learned a level 3 spell: Conjure Flame
  1938 | D:2      | Found a basalt altar of Yredelemnul.
  2389 | D:3      | Found a faded altar of an unknown god.
  2399 | D:3      | Found an opulent altar of Gozag.
  2488 | D:3      | Reached XP level 4. HP: 11/24 MP: 1/13
  2789 | D:3      | Noticed an ogre
  2936 | D:3      | Killed an ogre
  2936 | D:3      | Reached skill level 6 in Spellcasting
  2936 | D:3      | Reached XP level 5. HP: 28/28 MP: 3/15
  3134 | D:3      | Found a glowing golden altar of the Shining One.
  3461 | D:3      | Found a hazy altar of Hepliaklqana.
  3579 | D:3      | Found a shimmering blue altar of Sif Muna.
  3579 | D:3      | Found an ancient bone altar of Kikubaaqudgha.
  3581 | D:3      | Found a radiant altar of Vehumet.
  3583 | D:3      | Identified Kikubaaqudgha's Collected Works on Stolen Souls
  3594 | D:3      | Became a worshipper of Vehumet
  3655 | D:4      | Noticed an ogre
  3662 | D:4      | Killed an ogre
  3662 | D:4      | Reached skill level 1 in Fighting
  3662 | D:4      | Reached XP level 6. HP: 34/34 MP: 8/17
  3805 | D:4      | Reached skill level 1 in Armour
  3822 | D:4      | Reached skill level 7 in Spellcasting
  3822 | D:4      | Reached skill level 1 in Fire Magic
  3822 | D:4      | Reached skill level 1 in Air Magic
  4149 | D:4      | Reached XP level 7. HP: 38/38 MP: 14/19
  4207 | D:4      | Found Fiybe's Book Shoppe.
  4322 | D:4      | Reached skill level 1 in Poison Magic
  4570 | D:4      | Found an ancient bone altar of Kikubaaqudgha.
  4571 | D:4      | Noticed a human
  4573 | D:4      | Killed a human
  4602 | D:5      | Entered Level 5 of the Dungeon
  4793 | D:5      | Reached skill level 5 in Conjurations
  4979 | D:5      | Reached skill level 8 in Spellcasting
  5123 | D:5      | Noticed a hippogriff
  5136 | D:5      | Killed a hippogriff
  5136 | D:5      | Reached XP level 8. HP: 12/44 MP: 15/22
  5584 | D:5      | Reached * piety under Vehumet
  5584 | D:5      | Offered knowledge of Foxfire by Vehumet.
  5587 | D:5      | Learned a level 1 spell: Foxfire
  5599 | D:5      | Identified the cursed +1 leather armour of Nyon {SInv}
  5697 | D:5      | Found a sparkling altar of Nemelex Xobeh.
  5697 | D:5      | Found a bloodstained altar of Trog.
  5702 | D:5      | Found a blossoming altar of Fedhas.
  5704 | D:5      | Found a faded altar of an unknown god.
  5706 | D:5      | Found a faded altar of an unknown god.
  5874 | D:5      | Found a burning altar of Makhleb.
  5874 | D:5      | Noticed a green death
  5877 | D:5      | Noticed an orange demon
  5900 | D:6      | Reached skill level 9 in Spellcasting
  6026 | D:6      | Learned a level 1 spell: Shock
  6029 | D:6      | Learned a level 2 spell: Swiftness
  6279 | D:6      | Reached skill level 1 in Charms
  6518 | D:6      | Found a staircase to the Ecumenical Temple.
  7037 | D:7      | Noticed Maggie
  7078 | D:7      | Killed from afar by Maggie

Illustrated notes

Levels and vault maps discovered:
D:1:      psy_arrival_dodecagon, layout_rooms, serial_bayou,
          serial_bayou_lagoon_a, serial_bayou_pond_c, serial_bayou_shore_b,
          serial_bayou_ford_a
D:2:      layout_loops_ring, nicolae_dithmenos_shadow_blocks, minitemple
D:3:      layout_loops_ring, grunt_temple_overflow_magic_moments,
          nicolae_gozag_seed_capital, old_standard_altar,
          lemuel_coloured_pillars_altar, first_ration,
          chequers_ecumenical_altar_simple_redux, minmay_goblin_outpost
D:4:      layout_rooms, serial_shops, shop, tgw_kikubaaqudgha
D:5:      minmay_recursive_quarters, layout_basic,
          chequers_temple_overflow_minitemple, makhleb_altar_promises_db
D:6:      layout_rooms, temple_doors_cd
D:7:      layout_layer_cave, nicolae_ru_the_path_less_chosen, uniq_maggie

Skill      XL: |  1  2  3  4  5  6  7  8 |
---------------+-------------------------+-----
Spellcasting   | 5 6 7 8 9 |  9.9
Conjurations   | 2 3 4 5 7 |  7.2
Dodging        | 3 |  3.0
Fighting       | 1 2 |  2.1
Stealth        | 3 |  3.3
Armour         | 1 2 |  2.3
Fire Magic     | 1 2 3 |  3.9
Air Magic      | 1 |  1.0
Poison Magic   | 1 |  1.0
Charms         | 1 |  1.0
Polearms       | |  0.2
Summonings     | |  1.1
Translocations | |  1.1

Action                   |  1- 3 |  4- 6 |  7- 9 || total
-------------------------+-------+-------+-------++-------
Melee: Spear             |     3 |    24 |    71 ||    98
       Trident           |     1 |       |       ||     1
 Cast: Magic Dart        |   106 |   100 |   117 ||   323
       Mephitic Cloud    |       |     4 |     4 ||     8
       Conjure Flame     |       |       |    10 ||    10
       Foxfire           |       |       |    10 ||    10
       Call Imp          |       |       |     4 ||     4
       Blink             |       |       |     1 ||     1
 Stab: Confused          |       |     1 |     3 ||     4
  Eat: Chunk             |     5 |     5 |     6 ||    16
       Ration            |       |       |     1 ||     1
Armor: Leather armour    |       |       |     2 ||     2
Dodge: Dodged            |    13 |    32 |    52 ||    97
